 Dungeon Crawl Stone Soup version 0.31.0-32-g396128a36d (webtiles) character file.

Game seed: 8944328700509779962

73 tizbic2 the Charlatan (level 4, -1/26 HPs)
             Began as a Gargoyle Artificer on Apr 14, 2024.
             Was a Plaything of Xom.
             Slain by a gnoll
             ... wielding a +0 flail
              (3 damage)
             ... on level 3 of the Dungeon.
             The game lasted 00:04:18 (969 turns).

tizbic2 the Charlatan (Gargoyle Artificer)           Turns: 969, Time: 00:04:19

Health: -1/26      AC: 14    Str: 17 (18) XL:     4   Next: 27%
Magic:  4/4        EV:  9    Int: 11      God:    Xom [..*...]
Gold:   54         SH:  0    Dex: 10      Spells: 3/3 levels left

rFire   . . .        q - staff of alchemy
rCold   . . .        (no shield)
rNeg    + . .        i - +0 scale mail
rPois   ∞            r - +1 helmet
rElec   +            k - +0 cloak
rCorr   .            (no gloves)
SInv    .            t - +0 pair of boots
Will    .....        (no amulet) Stlth
                     (no ring)
HPRegen 0.24/turn    (no ring)
MPRegen 0.09/turn

%: no passive effects
@: no status effects
A: sickness immunity, AC +3, negative energy resistance 1, electricity
resistance, torment resistance 1, petrification resistance
a: Renounce Religion


You were on level 3 of the Dungeon.
You worshipped Xom.
You were a toy of Xom.
You visited 1 branch of the dungeon, and saw 3 of its levels.

You collected 54 gold pieces.

Inventory:

Hand Weapons
 a - a +0 club
 n - a +0 hand axe
Missiles
 g - 6 poisoned darts
 p - 3 javelins
 u - 2 boomerangs
Armour
 b - a +0 leather armour
 i - a +0 scale mail (worn)
 k - a +0 cloak (worn)
 m - the +1 leather armour of the Exiled Olives {rF- Int+2 Stlth+}
   (You took it off a goblin on level 2 of the Dungeon)

   Int+2:     It affects your intelligence (+2).
   rF-:       It makes you vulnerable to fire.
   Stlth+:    It makes you more stealthy.
 r - a +1 helmet (worn)
 t - a +0 pair of boots (worn)
Magical Staves
 q - a staff of alchemy (weapon)
Wands
 c - a wand of flame (7) (quivered)
 d - a wand of charming (15)
 e - a wand of iceblast (5)
Scrolls
 h - a scroll of teleportation {unknown}
 s - 2 scrolls of identify
 v - a scroll of silence {unknown}
Potions
 f - a potion of attraction {unknown}
 j - 2 potions of resistance
 l - 2 potions of heal wounds {unknown}
 o - a potion of curing {unknown}


   Skills:
 + Level 2.3 Fighting
 * Level 2.4 Staves
 - Level 2.1 Armour
 - Level 0.7 Dodging
 - Level 1.1 Stealth
 * Level 0.8 Alchemy
 * Level 3.0 Evocations


You had 3 spell levels left.
You didn't know any spells.
Your spell library contained the following spells:

 Spells                   Type           Power      Damage    Failure   Level
 Necrotise                Necr           0%         1d4       77%         1
 Vampiric Draining        Necr           0%         2d6       98%         3
 Martyr's Knell           Necr/Summ      0%         N/A       100%        4
 Curse of Agony           Necr           0%         N/A       100%        5


Dungeon Overview and Level Annotations

Branches:
Dungeon (3/15)

Altars:
Xom


Innate Abilities, Weirdness & Mutations

You are immune to sickness and miasma.
Your stone body is resilient. (AC +3)
You are immune to poison.
You resist negative energy. (rN+)
You are resistant to electric shocks. (rElec)
You are resistant to unholy torment.
You are immune to petrification.


Message History

The gnoll hits you with a +2 flail of draining.
You hit the gnoll but do no damage.
The gnoll is lightly wounded.
The gnoll barely misses you.
You barely miss the gnoll.
The gnoll is lightly wounded.
The gnoll hits you but does no damage. The gnoll barely misses you.
The gnoll hits you with a +0 whip! The gnoll hits you but does no damage.
The gnoll attacks as it pursues you!
The gnoll hits you with a +2 flail of draining.
* * * LOW HITPOINT WARNING * * *
Aiming: Throw Flame
Press: ? - help, Q - select action, (/) - cycle Shift-Dir - straight line, f - gnoll
Aim: a gnoll, wielding a +0 flail (75% to hit)
The puff of flame misses the gnoll.
Throw: 6 javelins
Press: ? - help, Shift-Dir - straight line, f - gnoll, p - gnoll
Aim: a gnoll, wielding a +2 flail of draining (lightly wounded, 56% to hit)
You throw a javelin. The javelin barely misses the gnoll. x2
The gnoll hits you with a +0 flail.
* * * LOW HITPOINT WARNING * * *
Unknown command.
Throw: 5 javelins
Press: ? - help, Shift-Dir - straight line, f - gnoll, p - gnoll
Aim: a gnoll, wielding a +0 whip (56% to hit)
You throw a javelin.
The javelin pierces through the gnoll but does no damage.
The javelin barely misses the gnoll.
The javelin completely misses the gnoll.
The gnoll closely misses you.
Throw: 4 javelins
Press: ? - help, Shift-Dir - straight line, f/p - gnoll
Aim: a gnoll, wielding a +0 whip (56% to hit)
You throw a javelin.
The javelin pierces through the gnoll but does no damage.
The javelin barely misses the gnoll.
The javelin closely misses the gnoll.
The gnoll hits you with a +0 flail.
You die...
Xom guffaws!

#.##....... ... #.##.#.##.#
... .# #.##.#.##.# #.# .#
.######.##.#.##.# #.# .#
..............#.###.# .# #
.......g....#†).....# .#.#
#######(###...#.#.#.##.#.##
#...###.##..#........##
#(.ggg@....#..†).†.....
#...###.........<......
##### ###............##
##.##..#####.# #.##..# #
........ #.###.### ..> ..


You could see 3 gnolls.

Vanquished Creatures
  3 adders (D:2)
  A ribbon worm (D:3)
  A dart slug (D:1)
  2 bats
  An endoplasm (D:1)
  3 giant cockroaches
  6 goblins
  4 hobgoblins
  3 jackals (D:1)
  2 kobolds
  4 quokkas
  4 frilled lizards
  5 rats
39 creatures vanquished.

Notes
Turn   | Place    | Note
-------+----------+-------------------------------------------
     0 | D:1      | tizbic2 the Gargoyle Artificer began the quest for the Orb.
     0 | D:1      | Reached XP level 1. HP: 12/12 MP: 1/1
    66 | D:1      | Reached skill level 1 in Staves
    75 | D:1      | Reached XP level 2. HP: 7/16 MP: 2/2
   146 | D:1      | Found a faded altar of an unknown god.
   172 | D:1      | Prayed at the altar of an unknown god.
   172 | D:1      | Became a worshipper of Xom of Chaos
   308 | D:1      | XOM: butterfly on damage
   394 | D:2      | XOM: noise
   397 | D:2      | Reached XP level 3. HP: 21/21 MP: 3/3
   589 | D:2      | XOM: divination: detect items
   590 | D:2      | Identified the +1 leather armour of the Exiled Olives {rF-
                  | Int+2 Stlth+}
   593 | D:2      | XOM: swap monsters
   617 | D:2      | XOM: stat loss: -1 Str (16/17)
   766 | D:2      | Reached XP level 4. HP: 24/26 MP: 4/4
   932 | D:3      | Reached skill level 3 in Evocations
   966 | D:3      | HP: 1/26 [gnoll/+0 flail (5)]
   969 | D:3      | Slain by a gnoll

Illustrated notes

Levels and vault maps discovered:
D:1:      dpeg_arrival_rooms_c, layout_rooms,
          hellmonk_ecumenical_altar_dog_temple
D:2:      minmay_chambers_of_ones, layout_rooms
D:3:      layout_loops_ring

Skill      XL: |  1  2  3  4 |
---------------+-------------+-----
Staves         | 1 2 |  2.4
Fighting       | 2 |  2.3
Evocations     | 3 |  3.0
Armour         | |  2.1
Dodging        | |  0.7
Stealth        | |  1.1
Alchemy        | |  0.8

Action                     |  1- 3 |  4- 6 || total
---------------------------+-------+-------++-------
  Melee: Club              |    62 |       ||    62
         Hand axe          |     4 |       ||     4
         Punch             |     3 |       ||     3
         Staff             |    99 |    35 ||   134
  Throw: Javelin           |       |     3 ||     3
  Evoke: Wand              |     7 |     1 ||     8
    Use: Scroll            |     3 |       ||     3
         Potion            |     1 |       ||     1
   Stab: Confused          |     1 |       ||     1
 Armour: Leather armour    |    35 |       ||    35
         Scale mail        |   141 |    28 ||   169
  Dodge: Dodged            |   135 |    14 ||   149
